Cogmind - Beta 13 @@@ ROGUE MODE // 2024.04.03 @ 21:35:43 Player: L_ Result: Destroyed by 7Z-N6B(R) with Subdweller Laser Performance ------------- Evolutions (0) 0 Regions Visited (2) 400 Robots Destroyed (24) 120 Value Destroyed (622) 622 Prototype IDs (0) 0 Alien Tech Used (0) 0 Bonus (-10) -10 TOTAL SCORE: 1132 Bonus ------- Friendly Fire -10 Cogmind --------- Core Integrity 0/250 Matter 300/300 Energy 183/200 System Corruption 0% Temperature Cool (6) Movement Walking (120) Location -10/Subcaves Parts ------- > --- POWER (1) -------- Subdweller Power Source > --- PROPULSION (2) --- Carbon-fiber Leg Carbon-fiber Leg > --- UTILITY (2) ------ Improved Heat Sink Improved Heat Sink > --- WEAPON (2) ------- Beamcaster Beamcaster > --- INVENTORY (5) ---- Light Angular Momentum Engine Light Treads Subdweller Monowheel Subdweller Monowheel Peak State ------------ > --- POWER ------------ Subdweller Power Source > --- PROPULSION ------- Carbon-fiber Leg Carbon-fiber Leg > --- UTILITY ---------- Improved Heat Sink Improved Heat Sink > --- WEAPON ----------- Beamcaster Beamcaster > --- INVENTORY -------- Light Angular Momentum Engine Light Treads Subdweller Monowheel Subdweller Monowheel [Rating: 25] Favorites ----------- Power Ion Engine Engine Ion Engine Propulsion Wheel Leg Aluminum Leg Wheel Wheel Utility Heat Sink Device Heat Sink Storage Humpback Protection Scrap Shield Weapon Small Laser Energy Gun Small Laser Ballistic Gun Assault Rifle Launcher Grenade Launcher Build | -11 -10 -10 ------- Run | Yrd Mat Sub Slots Evolved . | . . . Power . | . . . Propulsion . | . . . Utility . | . . . Weapon . | . . . Parts Attached 39 | 17 7 15 Power 4 | 2 . 2 Engine 4 | 2 . 2 Core . | . . . Reactor . | . . . Propulsion 17 | 9 3 5 Treads . | . . . Leg 9 | 4 3 2 Wheel 8 | 5 . 3 Hover . | . . . Flight . | . . . Utility 7 | 2 1 4 Device 5 | 2 1 2 Storage 1 | . . 1 Processor . | . . . Hackware . | . . . Protection 1 | . . 1 Artifact . | . . . Weapon 11 | 4 3 4 Energy Gun 6 | 2 2 2 Energy Cannon . | . . . Ballistic Gun 3 | 2 . 1 Ballistic Cannon . | . . . Launcher 2 | . 1 1 Special Weapon . | . . . Impact Weapon . | . . . Slashing Weapon . | . . . Piercing Weapon . | . . . Special Melee Weapon . | . . . Unidentified Prototypes . | . . . Parts Lost 4 | . 3 1 Power 1 | . 1 . Propulsion 1 | . 1 . Utility 2 | . 1 1 Weapon . | . . . Highest Loss Streak 2 | . 2 1 To Critical Strikes . | . . . Average Slot Usage (%) 89 | . 97 77 Engine 10 | . 13 7 Leg 16 | . 11 23 Wheel 11 | . 15 4 Device 20 | . 27 10 Protection 1 | . . 2 Energy Gun 23 | . 27 18 Ballistic Gun 1 | . . 2 Launcher 2 | . . 4 Naked Turns . | . . . Heaviest Build 203 | 10 9 203 Greatest Support 40 | 20 20 40 Greatest Overweight (x) 10 | . . 10 Average Overweight (x) . | . . . Largest Inventory Capacity 35 | 5 5 35 Average Capacity 6 | 5 5 8 Most Carried 5 | 5 5 5 Average Carried 4 | 2 4 3 Final Capacity 5 | 5 5 5 Final Carried 5 | 4 5 4 Class Distribution -------------------- 86% | Scavenger-Mutant 7% | Hauler-Mutant 6% | Mutant Dominant Class ---------------- Scavenger-Mutant | -10/Materials Scavenger-Mutant | -10/Subcaves Resources | -11 -10 -10 ----------- Run | Yrd Mat Sub Matter Collected 828 | 360 225 243 Remotely . | . . . Salvage Created 576 | 66 301 209 Parts 39 | 8 18 13 Haulers Intercepted . | . . . Recyclers Shooed . | . . . Parts Field Recycled . | . . . Retrieved Matter . | . . . Parts Self-Destructed 7 | . . 7 Prevented . | . . . Kills | -11 -10 -10 ------- Run | Yrd Mat Sub Combat Hostiles Destroyed 19 | 1 10 8 Guns 12 | 1 6 5 AOE 7 | . 4 3 Classes Destroyed 7 | 2 4 1 Worker 2 | . 2 . Builder 1 | . 1 . Tunneler 1 | 1 . . Operator 1 | . 1 . Swarmer 4 | . 3 1 Grunt 8 | 1 7 . Subdweller 7 | . . 7 Best Kill Streak 9 | 2 9 6 Combat Bots Only 6 | 1 6 6 Max Kills in Single Turn 3 | 1 3 3 Gunslinging . | . . . Exploded 2 | . 1 2 Melee . | . . . Uniques/NPCs Destroyed . | . . . Combat | -11 -10 -10 -------- Run | Yrd Mat Sub Hostile Shots Fired 142 | 7 64 71 Missed 58 | 4 23 31 Damage Taken 1021 | 33 465 523 Core 250 | . 104 146 Absorbed by Shields . | . . . Core Remaining (%) 100 | 100 . . Volleys Fired 59 | 6 30 23 Largest 2 | 2 2 2 Hottest 150 | 40 80 150 Shots Fired 117 | 12 60 45 Gun 105 | 12 54 39 Cannon . | . . . Launcher 12 | . 6 6 Special . | . . . Kinetic 15 | 12 . 3 Thermal 90 | . 54 36 Explosive 12 | . 6 6 Electromagnetic . | . . . Robot Hit Streak 13 | 3 10 13 Robot Miss Streak 6 | 3 6 4 Penetration Max . | . . . Secondary Targets 2 | . . 2 Max Gunslinging Chain 1 | . . 1 Shots Hit Robots 67 | 6 34 27 Core Hits 46 | 3 26 17 Critical Kills . | . . . Critical Parts Destroyed . | . . . Critical Strikes . | . . . Melee Attacks . | . . . Impact . | . . . Slashing . | . . . Piercing . | . . . Sneak Attacks . | . . . Combat Hostiles . | . . . Follow-up Attacks . | . . . Damage Inflicted 1597 | 88 758 751 Guns 741 | 88 350 303 Cannons . | . . . Explosions 856 | . 408 448 Melee . | . . . Ramming . | . . . Kinetic 123 | 88 . 35 Thermal 618 | . 350 268 Explosive 856 | . 408 448 Electromagnetic . | . . . Impact . | . . . Slashing . | . . . Piercing . | . . . Highest Corruption . | . . . Average Corruption . | . . . Corruption Purged . | . . . Corruption Blocked . | . . . Overload Shots . | . . . Overflow Damage . | . . . Projectiles . | . . . Explosions . | . . . Melee . | . . . Knockbacks . | . . . Impact . | . . . Kinetic . | . . . Secondary . | . . . Self-Inflicted Damage 68 | . 45 23 Shots 4 | . 3 1 Rammed . | . . . Targets Rammed . | . . . Kicked . | . . . Crushed . | . . . Highest Temperature 22 | 6 22 . Average Temperature 5 | 6 5 . Received Heat Transfer 270 | 18 180 72 Siege Activations . | . . . Robots Corrupted . | . . . Combat Hostiles . | . . . Parts Fried . | . . . Impact Corruptions . | . . . Robots Melted . | . . . Combat Hostiles . | . . . Parts Melted 1 | . . 1 Heat Transferred 1373 | . 800 573 Parts Sabotaged . | . . . Parts Stolen . | . . . Parts Stripped . | . . . Power Chain Reactions . | . . . Alert | -11 -10 -10 ------- Run | Yrd Mat Sub Peak Influence 244 | 40 244 . Initial 26 | . 26 . Average 65 | 15 80 . Maximum Alert Level 1 | . 1 . Low Security (%) 92 | 100 90 . Level 1 7 | . 9 . Level 2 . | . . . Level 3 . | . . . Level 4 . | . . . Level 5 . | . . . High Security . | . . . Max Security . | . . . Squads Dispatched 3 | . 3 . Investigation 2 | . 2 . Extermination . | . . . Reinforcement 1 | . 1 . Assault . | . . . Garrison . | . . . Intercept . | . . . Searches Triggered . | . . . Construction Impeded . | . . . Haulers Reinforced . | . . . Active Scanning Responses . | . . . Cargo Convoy Interrupts . | . . . Stealth | -11 -10 -10 --------- Run | Yrd Mat Sub Distress Signals 2 | . 2 . Communications Jammed . | . . . Distress Signals . | . . . Times Spotted 43 | 1 27 15 Peak Tracking Total 8 | 1 7 8 Tactical Retreats 4 | . 3 1 Traps | -11 -10 -10 ------- Run | Yrd Mat Sub Traps Triggered 2 | . 2 . Indirectly . | . . . Trap Hack Attempts . | . . . Triggered . | . . . Disarmed . | . . . Reprogrammed . | . . . Reused . | . . . Traps Extracted . | . . . Installed . | . . . Triggered . | . . . Machines | -11 -10 -10 ---------- Run | Yrd Mat Sub Machines Disabled . | . . . Max in Single Turn . | . . . Machines Repaired . | . . . Machines Dismantled . | . . . Machines Sabotaged . | . . . Overloaded Fab Kills . | . . . Hacking | -11 -10 -10 --------- Run | Yrd Mat Sub Machines Accessed 2 | . 2 . Terminals 1 | . 1 . Fabricators . | . . . Repair Stations . | . . . Recycling Units 1 | . 1 . Scanalyzers . | . . . Garrison Access . | . . . Total Hacks 4 | . 4 . Successful 3 | . 3 . Failed 1 | . 1 . Catastrophic . | . . . Database Lockouts . | . . . Manual . | . . . Terminals 3 | . 3 . Fabricators . | . . . Repair Stations . | . . . Recycling Units 1 | . 1 . Scanalyzers . | . . . Garrison Access . | . . . Terminal Hacks 2 | . 2 . Record 1 | . 1 . Alert Level 1 | . 1 . Fabricator Hacks . | . . . Repair Station Hacks . | . . . Recycling Unit Hacks 1 | . 1 . Recycle Component 1 | . 1 . Scanalyzer . | . . . Garrison Access Hacks . | . . . Unauthorized Hacks . | . . . Terminals . | . . . Fabricators . | . . . Repair Stations . | . . . Recycling Units . | . . . Scanalyzers . | . . . Garrison Access . | . . . Data Cores Recovered . | . . . Used . | . . . Hacking Detections 1 | . 1 . Full Trace Events 1 | . 1 . Feedback Events . | . . . Feedback Blocked . | . . . Robot Schematics Acquired . | . . . Robots Built . | . . . Authchips . | . . . Time . | . . . Total Robot Build Rating . | . . . Part Schematics Acquired . | . . . Parts Built . | . . . Authchips . | . . . Time . | . . . Total Part Build Rating . | . . . Parts Repaired . | . . . Time . | . . . Parts Recycled 1 | . 1 . Recycled Matter . | . . . Retrieved Matter . | . . . Retrieved Components . | . . . Parts Scanalyzed . | . . . Part Schematics Acquired . | . . . Parts Damaged . | . . . Bothacking | -11 -10 -10 ------------ Run | Yrd Mat Sub Used RIF Installer . | . . . Robots Hacked . | . . . Non-combat . | . . . Combat . | . . . Robot Hacks Applied . | . . . Relay Couplers Released . | . . . Fabnet Peak Effective % . | . . . Robots Rewired . | . . . Allies Hacked . | . . . Hacks Repelled . | . . . Allies | -11 -10 -10 -------- Run | Yrd Mat Sub Total Allies . | . . . Largest Group . | . . . Highest-Rated Group . | . . . Highest-Rated Ally . | . . . Total Orders . | . . . Ally Attacks . | . . . Total Damage . | . . . Kills . | . . . Allies Corrupted . | . . . Allies Melted . | . . . Intel | -11 -10 -10 ------- Run | Yrd Mat Sub Robot Analysis Total . | . . . Derelict Logs Recovered . | . . . Drone Launches . | . . . Drone Recoveries . | . . . Exploration | -11 -10 -10 ------------- Run | Yrd Mat Sub Turns Passed 977 | 147 499 331 Spaces Moved 700 | 113 427 160 Core 26 | 26 . . Treads . | . . . Legs 267 | 3 126 138 Wheels 407 | 84 301 22 Hover . | . . . Flight . | . . . Fastest Speed 50 | 50 80 110 Average Speed 99 | 74 91 136 Slowest Speed 820 | 120 120 820 Overloaded Moves . | . . . Propulsion Burnouts . | . . . Robots Hopped . | . . . Cave-ins Triggered . | . . . Exploration Rate (%) 18 | 6 35 15 Regions Visited 2 Branch Regions 1 Pre-discovered Areas . | . . . Known Exits Taken . | . . . Unknown Exits Taken 2 | 1 1 . Scrap Searched . | . . . Spaces Dug . | . . . Terrain Destroyed 78 | . 53 25 Melee . | . . . Projectile . | . . . AOE 78 | . 53 25 Terrain Rammed . | . . . Walls Destroyed . | . . . Machines Disabled . | . . . Actions | -11 -10 -10 --------- Run | Yrd Mat Sub Total 867 | 162 474 231 Wait 11 | 10 . 1 Move 698 | 112 426 160 Hop . | . . . Pick Up 35 | 13 5 17 Fast Attach 5 | 1 4 . Attach 13 | 6 1 6 Detach . | . . . Swap 21 | 10 2 9 Drop 25 | 4 6 15 Fire 59 | 6 30 23 Melee . | . . . Ram . | . . . Kick . | . . . Crush . | . . . Escape Stasis . | . . . Rewire . | . . . Trap . | . . . Miscellaneous . | . . . Route ------- -11/Scrapyard -10/Materials (discovered 2 exits: [*Mat] / [*Sub]) -10/Subcaves History --------- Turn | Location | Event 2 | -11/Scrapyard | Met Revision 17 79 | -11/Scrapyard | Discovered new exit (range 8) 148 | -11/Scrapyard | Entered Materials 313 | -10/Materials | Build established: Scavenger-Mutant 596 | -10/Materials | Discovered new exit (range 3) 638 | -10/Materials | Discovered new exit (range 5) 647 | -10/Materials | Entered Subcaves 690 | -10/Subcaves | Ambushed by swarm of Subdwellers 690 | -10/Subcaves | Ambushed by Subdwellers from Twisted Machinery 690 | -10/Subcaves | Ambushed by Subdwellers from Twisted Machinery 722 | -10/Subcaves | Core integrity fell below 50% 744 | -10/Subcaves | Lost 4 allies 972 | -10/Subcaves | Core integrity fell below 20% 978 | -10/Subcaves | Destroyed by 7Z-N6B(R) with Subdweller Laser Last Messages --------------- Subatomizers dissect the Sub. Machine Gun, destroying it. Subatomizers dissect the Sml. Laser. The unstable cave ceiling collapses. Subatomizers dissect the Humpback. Acquired 6 matter. Acquired Imp. Heat Sink. Acquired 10 matter. The unstable cave ceiling collapses. Subatomizers dissect the Humpback. S-10 Pest destroyed. Destroyed Lgt. Ion Engine. S-10 Pest destroyed. Flight Unit fries itself beyond repair. Lgt. Ion Engine fries itself beyond repair. Lgt. Assault Rifle fries itself beyond repair. S-10 Pest destroyed. Switching to secondary target: 7Z-N6B(R). Flight Unit fries itself beyond repair. [Achievement: First Step to Greatness] Map ----- +----------------------------------------------------+ | ?????????????????????????????????????????????????? | | ?????????????????????????????????????????????????? | | ?????????????????????????????????????????????????? | | ?????????????????????????????????????????????????? | | ?????????????????????????????????????????????????? | | ?????????????????????????????????????????????????? | | ?????????????????????????????????????????????????? | | ?????????????????????????????????????????????????? | | ?????????????????????????????????????????????????? | | ?????????????????????????????????????????????????? | | ?????????????????????????????????????????????????? | | ?????????????????????????????????????????????????? | | ?????????????????????????????????? ?????????????? | | ???????????????????????????????### ?????????????? | | ??????????????????????????????# ?????????????? | | ????????????????????????????## ??????????????? | | ???????????????????????####? #???????????????? | | ??????????????????????? ## #????????????????? | | ???????????????????????? #????????????????? | | ???????????????????????? ##???? ?????????? | | ???????????????????????## #### ????????? | | ###??????????????????### ????????? | | #??????????????????# #< ???????? | | ##??????????????????# ???????? | | "#???????????##?????# #R ???????? | | ###????????## ???????##@ ???????? | | ####?????# ??????## ???????? | | ##????# ####### ???????? | | % ##???# s #????????? | | ###?# [ ## #????????? | | ## %### ###% #??## ##????????? | | ### % ###### ##?? % #?????###?????????? | | ??# % ## ## #??? #?????????????????? | | ??# #??? #?????????????????? | | # #???? #?????????????????? | | ### ### ##???? #?????????????????? | | ### ### ##?????*% ?????????????????? | | ### ## #????? ?????????????????? | | ## # ### #?????? ????????????????? | | ### # #?## #??????? ????????????????? | | ?? % ??# #?????????"???????????????? | | #? ??## #?????????????????????????? | | #?# ## ## ?? #?????????????????????????? | | #??## ?#### ?? ?????????????????????????? | | ????# ????# ?? ????????????????????????? | | ????? ????# ? ????????????????????????? | | ????? ????? ? ????????????????????????? | | ????? ????? ??? ??????????????????????????? | | ???????????? ????????????????????????????????? | | ?????????????????????????????????????????????????? | +----------------------------------------------------+ Best States ------------- Heat Dissipation 53 Energy Generation 15 Energy Capacity 250 Matter Stores 300 Matter Capacity 300 Sight Range 16 Terrain Scan Range 14 Terrain Scan Density 10 Armor Coverage 800 Evasion (%) 55 Item Schematics ----------------- None Robot Schematics ------------------ None Fabricated ------------ Nothing Alien Tech Used ----------------- None Achievements -------------- Crack Shot First Step to Greatness Storm Trooper Tank Uninvited Guest Challenges ------------ None Game ------ Seed CannonSpectralWings Manual? 0 Play Time 00:41:10 Cumulative 0.6 hours Start 2024.04.03 @ 20:35:42 End 2024.04.03 @ 21:35:43 Sessions 1 Manual Loads 0 Difficulty Rogue Special Mode None Game No. 1 Rogue 1 Adventurer 0 Explorer 0 Win Type - Total 0 Types 0/0/0/0/0/0/0/0/0 Lore% 0 Gallery% 1 Achievement% 1 Wizard Run 0 Options --------- Layout 1 ASCII 0 Keyboard 0 Movement Mouse Keybinds 0 Fullscreen 1 Font 24/Smallcaps Map View 50x35 Zoom Use 62% Tactical HUD 0 Map Filters NONE Filters NONE Steam 1 RUN: 74b9d493-3c48-422b-b4e4-506e6f383bbb